 Dungeon Crawl Stone Soup version 0.30-a0-632-g346586f (webtiles) character file.

Game seed: 3303039173746523960

11 malesh the Chiller (level 2, -2/13 HPs)
             Began as a Vine Stalker Ice Elementalist on Jan 13, 2023.
             Slain by a worm (8 damage)
             ... on level 2 of the Dungeon.
             The game lasted 00:01:26 (329 turns).

malesh the Chiller (Vine Stalker Ice Elementalist)   Turns: 329, Time: 00:01:27

Health: -2/13      AC:  2    Str: 10    XL:     2   Next: 29%
Magic:  0/6        EV: 12    Int: 15    God:
Gold:   78         SH:  0    Dex: 14    Spells: 4/5 levels left

rFire   . . .      SeeInvis .    (no weapon)
rCold   . . .      Faith    .    (no shield)
rNeg    . . .      Spirit   +    a - +0 robe
rPois   .          Reflect  .    (no helmet)
rElec   .          Harm     .    (no cloak)
rCorr   .          Rampage  .    (no gloves)
Will    .....                    (no boots)
Stlth   ++                       (no amulet)
HPRegen 0.22/turn                (no ring)
MPRegen 0.10/turn                (no ring)

@: no status effects
A: fangs 2, magic shield, antimagic bite, no potion heal 2
a: no special abilities


You were on level 2 of the Dungeon.
You visited 1 branch of the dungeon, and saw 2 of its levels.

You collected 78 gold pieces.

Inventory:

Missiles
 c - 3 poisoned darts
Armour
 a - a +0 robe (worn)
Potions
 b - a potion of magic


   Skills:
 + Level 1.8 Dodging
 + Level 2.8 Stealth
 + Level 2.4 Spellcasting
 + Level 4.1 Ice Magic


You had 4 spell levels left.
You knew the following spells:

 Your Spells              Type           Power      Damage    Failure   Level
a - Freeze                Ice            56%        1d7       3%          1

Your spell library contained the following spells:

 Spells                   Type           Power      Damage    Failure   Level
 Frozen Ramparts          Ice            28%        1d5       12%         3
 Ozocubu's Armour         Ice            14%        N/A       12%         3
 Summon Ice Beast         Ice/Summ       8%         N/A       65%         4


Dungeon Overview and Level Annotations

Branches:
Dungeon (2/15)

Altars:


Innate Abilities, Weirdness & Mutations

You have extremely sharp teeth.
When hurt, damage is shared between your health and your magic reserves.
Your bite disrupts and absorbs the magic of your enemies.
Potions cannot restore your health.


Message History

The adder zombie closely misses you.
You closely miss the adder zombie.
The adder zombie is severely damaged.
The adder zombie bites you but does no damage.
You barely miss the adder zombie. Your bite misses the adder zombie.
The adder zombie is severely damaged.
The adder zombie barely misses you.
You closely miss the adder zombie. Your bite misses the adder zombie.
The adder zombie is severely damaged.
The adder zombie bites you. x2
You closely miss the adder zombie.
The adder zombie is severely damaged.
The adder zombie closely misses you.
You hit the adder zombie.
The adder zombie is almost destroyed.
The adder zombie bites you.
You barely miss the adder zombie. You bite the adder zombie.
You drain its power.
You feel invigorated.
The adder zombie is almost destroyed.
The adder zombie bites you.
You hit the adder zombie.
You destroy the adder zombie!
You start resting.
HP restored.
You start resting.
Magic restored.
A worm comes into view.
Found 2 sedimented clear potions.
Found a stone staircase leading up.
The worm bites you!
Ouch! That really hurt!
Casting: Freeze (safe; 3% risk of failure)
Confirm with . or Enter, or press ? or * to list all spells.
Aiming: Freeze (safe; 3% risk of failure)
Press: ? - help, Shift-Dir - straight line, f - worm
Aim: a worm You freeze the worm.
The worm is moderately wounded.
The worm bites you!
Ouch! That really hurt!
You die...

#.# ##.## #.. #.#
#.# #.. ### #.#
#.# #.. ..# #.#
#.# ##. #.#
#.####.#####.. #.#
#.#...........
#.###.#.##.#####..
#..........# ##.
#@.#####.########.
.......w.#
#......"##.
.........#
#.#........
8....##..# #
..#...#.### .....
...# #............
P8!. .<...
...##.##.### ###
##### #.##.##.#
#.......#
####.####


You could see a worm.

Vanquished Creatures
  An adder zombie (D:2)
  A giant cockroach (D:1)
  2 goblins (D:1)
  A quokka (D:1)
  A ball python (D:1)
  2 rats
8 creatures vanquished.

Notes
Turn   | Place    | Note
-------+----------+-------------------------------------------
     0 | D:1      | malesh the Vine Stalker Ice Elementalist began the quest
                  | for the Orb.
     0 | D:1      | Reached XP level 1. HP: 9/9 MP: 4/4
   147 | D:1      | Reached XP level 2. HP: 13/13 MP: 4/6
   174 | D:1      | You fall into a shaft and drop 1 floor!
   329 | D:2      | Slain by a worm

Illustrated notes

Levels and vault maps discovered:
D:1:      dpeg_arrival_boxorama, layout_basic, serial_shops, shop
D:2:      layout_loops_ring, serial_undead, serial_undead_d, serial_undead_f,
          serial_undead_e, serial_undead_c, serial_shops,
          nicolae_shop_competitors_out_of_business

Action                   || total
-------------------------++-------
Melee: Unarmed           ||    16
       Bite              ||     3
       Punch             ||     1
 Cast: Freeze            ||    11
Armor: Robe              ||     3
Dodge: Dodged            ||    11

Table legend: (Time is in decaauts)
 A = Elapsed time spent in this place.
 B = Non-inter-level travel time spent in this place.
 C = Inter-level travel time spent in this place.
 D = Time resting spent in this place.
 E = Time spent auto-exploring this place.
 F = Levels seen in this place.
 G = Mean time per level.
                   A        B        C        D        E       F      G
               +--------+--------+--------+--------+--------+-----+--------+
         Total |    328 |    314 |     14 |      7 |    190 |   2 |  164.0 |
       Dungeon |    328 |    314 |     14 |      7 |    190 |   2 |  164.0 |
               +--------+--------+--------+--------+--------+-----+--------+

Top non-repeatable levels by time:
     D:1: 174 daAuts
     D:2: 154 daAuts
